 Dungeon Crawl Stone Soup version 0.26.0-10-g1f06aea511 (webtiles) character file.

Game seed: 6620618093369300453

707 MisterFreud the Conjurer (level 7, -3/47 HPs)
             Began as a Demonspawn Conjurer on Jan 28, 2021.
             Slain by an ice beast (10 damage)
             ... on level 3 of the Dungeon.
             The game lasted 00:08:15 (6184 turns).

MisterFreud the Conjurer (Demonspawn Conjurer)      Turns: 6184, Time: 00:08:17

Health: -3/47      AC:  3    Str:  7    XL:     7   Next: 39%
Magic:  10/13      EV: 12    Int: 21    God:
Gold:   300        SH:  0    Dex: 12    Spells: 9/14 levels left

rFire    . . .     SeeInvis .   s - +2 dagger (venom)
rCold    . . .     Faith    .   (no shield)
rNeg     + . .     Spirit   .   a - +0 robe
rPois    .         Reflect  .   (no helmet)
rElec    .         Harm     .   (no cloak)
rCorr    .         Rampage  .   (no gloves)
Will     .....                  (no boots)
Stlth    ++........             (no amulet)
HPRegen  0.15/turn              k - ring of positive energy
MPRegen  0.13/turn              p - ring of flight

@: no status effects
A: talons 1, rugged brown scales 1, miasma immunity
a: Evoke Flight


You were on level 3 of the Dungeon.
You visited 1 branch of the dungeon, and saw 5 of its levels.

You collected 300 gold pieces.

Inventory:

Hand Weapons
 c - a +0 hand axe
 s - a +2 dagger of venom (weapon)
Missiles
 i - 20 poisoned darts
 t - 7 boomerangs of dispersal
Armour
 a - a +0 robe (worn)
 x - a +0 buckler
Jewellery
 k - a ring of positive energy (left hand)
 p - a ring of flight (right hand)
Wands
 q - a wand of iceblast (6)
 y - a wand of digging (6)
Scrolls
 b - 2 scrolls of enchant weapon {unknown}
 d - 3 scrolls of teleportation {unknown}
 j - 3 scrolls of noise {unknown}
 l - 5 scrolls of identify {unknown}
 m - 2 scrolls of immolation {unknown}
 n - 2 scrolls of fear {unknown}
 r - a scroll of amnesia {unknown}
 u - a scroll of remove curse {unknown}
 v - a scroll of magic mapping {unknown}
 w - a scroll of enchant armour {unknown}
Potions
 e - 5 potions of curing
 f - 2 potions of might {unknown}
 g - a potion of mutation {unknown}
 h - 3 potions of attraction {unknown}
 o - 2 potions of heal wounds {unknown}


   Skills:
 - Level 1.7 Dodging
 - Level 1.7 Stealth
 + Level 0.9 Shields
 + Level 4.2 Spellcasting
 + Level 7.3 Conjurations
 + Level 2.7 Hexes


You had 9 spell levels left.
You knew the following spells:

 Your Spells              Type           Power        Failure   Level
a - Magic Dart            Conj           100%         1%          1
b - Fulminant Prism       Conj/Hex       12%          14%         4

Your spell library contained the following spells:

 Spells                   Type           Power        Failure   Level
 Searing Ray              Conj           70%          1%          2
 Dazzling Flash           Conj/Hex       50%          4%          3
 Iskenderun's Mystic Bla  Conj/Tloc      19%          26%         4


Dungeon Overview and Level Annotations

Branches:
Dungeon (5/15)
 Temple: D:4-7

Altars:
Hepliaklqana
Uskayaw


Innate Abilities, Weirdness & Mutations

You have sharp toenails.
You are partially covered in rugged brown scales. (AC +1, +3% HP)
You are immune to miasma.


Message History

Aim: an ice beast (moderately wounded, 0% to evade)
The magic dart hits the ice beast.
The ice beast is heavily wounded.
You barely miss the ice beast.
The ice beast is heavily wounded.
The ice beast hits you. The ice beast freezes you!
You hit the ice beast but do no damage.
The ice beast is heavily wounded.
The ice beast barely misses you.
You barely miss the ice beast.
The ice beast is heavily wounded.
The ice beast hits you. The ice beast freezes you!
* * * LOW HITPOINT WARNING * * *
You barely miss the ice beast.
You claw the ice beast, but do no damage.
The ice beast is heavily wounded.
The ice beast hits you.
* * * LOW HITPOINT WARNING * * *
The ice beast freezes you!
You die...

.....###..)........##[(..##.##...
.......'....†......#...['#...#'.[
.....###..>........######.....###
#..##..............'.............
#.....####.#.#####.###...........
#.########.#.# ##.#.##....#....#
#...†.†.h#...# #..#..##.....(.##
#..#####)########Y.#.(('.......')
#............†..@..#..##.......##
......##.########..#.##....#....#
......##.....# #..#..#..##'##..#
.............# #..##.#.##...##.#
......##.....# #..####+#######'#
......##.....# #................
......##.....# #...............#
......##.....# #################
......##.....#


You could see an ice beast.

Vanquished Creatures
  Purgy (D:3)
  2 ogres (D:4)
  2 scorpions (D:4)
  A quasit (D:2)
  A hound (D:4)
  3 worker ants (D:4)
  Robin (D:3)
  4 gnolls (D:4)
  4 adders
  2 oozes
  3 worms
  2 dart slugs (D:3)
  7 leopard geckos
  5 orcs
  3 giant cockroaches
  14 goblins
  7 hobgoblins
  7 jackals
  14 kobolds
  3 quokkas
  A ball python (D:3)
  10 bats
  9 frilled lizards
  8 rats
114 creatures vanquished.

Notes
Turn   | Place    | Note
-------+----------+-------------------------------------------
     0 | D:1      | MisterFreud the Demonspawn Conjurer began the quest for the
                  | Orb.
     0 | D:1      | Reached XP level 1. HP: 13/13 MP: 3/3
   534 | D:1      | Gained mutation: You have sharp toenails. [demonic
                  | ancestry]
   534 | D:1      | Reached XP level 2. HP: 19/19 MP: 1/5
  1075 | D:1      | Reached skill level 5 in Conjurations
  1253 | D:1      | Gained mutation: You are partially covered in rugged brown
                  | scales. (AC +1, +3% HP) [demonic ancestry]
  1253 | D:1      | Reached XP level 3. HP: 19/24 MP: 3/6
  1960 | D:2      | HP: 1/24 [quasit (2)]
  1972 | D:2      | Reached XP level 4. HP: 16/30 MP: 2/7
  2320 | D:2      | Reached skill level 6 in Conjurations
  2772 | D:3      | Noticed an ice beast
  2787 | D:3      | You fall into a shaft and drop 2 floors!
  2787 | D:5      | Entered Level 5 of the Dungeon
  3114 | D:4      | Reached XP level 5. HP: 25/36 MP: 0/8
  3355 | D:4      | Noticed an ogre
  3376 | D:4      | Killed an ogre
  3897 | D:4      | Reached XP level 6. HP: 42/42 MP: 6/10
  4004 | D:3      | Learned a level 4 spell: Fulminant Prism
  4312 | D:3      | Noticed Purgy
  4731 | D:4      | Found a hide-covered altar of Uskayaw.
  4743 | D:4      | Reached skill level 1 in Hexes
  4946 | D:4      | Reached skill level 7 in Conjurations
  5343 | D:4      | Gained mutation: You are immune to miasma. [demonic
                  | ancestry]
  5343 | D:4      | Reached XP level 7. HP: 41/47 MP: 9/13
  5632 | D:3      | Found a hazy altar of Hepliaklqana.
  5778 | D:3      | Noticed Robin
  5798 | D:3      | Killed Robin
  6064 | D:3      | Killed Purgy
  6184 | D:3      | Slain by an ice beast

Illustrated notes

Levels and vault maps discovered:
D:1:      lightli_iron_boxes, layout_basic, minmay_quantized
D:2:      layout_loops_ring, minivault_23
D:3:      layout_basic, old_standard_altar, minmay_pentangle, uniq_robin,
          uniq_purgy
D:4:      layout_loops_ring, eat_drink_and_be_merry_uskayaw
D:5:      layout_loops_ring, nzn_overflow_gifts_of_might_and_magic,
          nicolae_overflow_hidden_temple, kennysheep_mini, temple_pool_b,
          gammafunk_ghost_cemetery, minivault_24, eino_tiny_chamber,
          minmay_misc_feat_alley, uniq_prince_ribbit1

Skill      XL: |  1  2  3  4  5  6 |
---------------+-------------------+-----
Conjurations   | 5 6 7 |  7.3
Spellcasting   | 3 4 |  4.2
Hexes          | 2 |  2.7
Dodging        | |  1.7
Stealth        | |  1.7
Shields        | |  0.9

Action                   |  1- 3 |  4- 6 |  7- 9 || total
-------------------------+-------+-------+-------++-------
Melee: Hand axe          |    21 |    12 |       ||    33
       Kick              |     2 |     8 |     3 ||    13
       Dagger            |       |    41 |    50 ||    91
 Cast: Magic Dart        |    69 |   105 |    41 ||   215
Evoke: Wand              |       |     1 |       ||     1
  Use: Potion            |     2 |       |       ||     2
 Stab: Sleeping          |       |     3 |     1 ||     4
Armor: Robe              |    31 |     9 |    13 ||    53
Dodge: Dodged            |    45 |    48 |    44 ||   137
